AoeStats
← E-d-d-i-e91G

Lombardia

509287086Analyzed
2v2 RM · 8d ago on Sep 26, 2026· 51m 42s· 4 players
Game mode
Random Map
Map size
Medium (4 player)
Population
200
Speed
Normal
Resources
Standard
Victory
Conquest
Starting age
Dark Age
Ending age
Imperial Age
RankedLock teamsTeams togetherTeam positionsShared explorationLock speedFull tech treeHidden civsTurbo modeCheats
Victory
Defeat
🇲🇽 Mongols · Mexico
640
+7
🇲🇽 Goths · Mexico
550
+10
🇦🇺 Khmer · Australia
421
-9
🇦🇺 Cumans · Australia
395
-8
xXquique45Xx
13:34 Feudal Age
14:12 Double-Bit Axe
21:10 Wheelbarrow
20:57 Man-at-Arms
27:06 Castle Age
27:42 Pikeman
27:44 Long Swordsman
30:22 Bow Saw
40:18 Masonry
43:05 Imperial Age
40:54 Hand Cart
42:34 Gold Mining
45:23 Scale Mail Armor
45:02 Two-Handed Swordsman
45:07 Halberdier
46:14 Squires
50:16 Elite Huskarl
Barraza1173
12:56 Feudal Age
13:36 Double-Bit Axe
13:35 Horse Collar
15:19 Wheelbarrow
19:52 Forging
27:18 Castle Age
27:47 Crossbowman
28:33 Thumb Ring
29:59 Bow Saw
31:42 Heavy Plow
33:17 Fervor
33:44 Iron Casting
33:03 Fletching
33:13 Padded Archer Armor
35:58 Stone Mining
35:58 Gold Mining
38:35 Town Watch
39:06 Hand Cart
38:37 Loom
39:54 Bodkin Arrow
40:14 Leather Archer Armor
40:01 Scale Mail Armor
43:45 Imperial Age
42:45 Town Patrol
45:55 Conscription
47:44 Elite Mangudai
48:14 Arbalester
51:03 Blast Furnace
51:35 Bracer
E-d-d-i-e91G
12:12 Feudal Age
12:46 Horse Collar
15:42 Double-Bit Axe
18:22 Wheelbarrow
20:09 Man-at-Arms
22:57 Gold Mining
30:45 Castle Age
30:57 Town Watch
31:10 Fletching
31:48 Bodkin Arrow
35:50 Forging
35:46 Scale Barding Armor
35:58 Padded Archer Armor
37:20 Bow Saw
39:57 Squires
40:07 Steppe Husbandry
47:39 Imperial Age
45:31 Hand Cart
IAMASTROMAN9714
11:43 Feudal Age
13:45 Scale Mail Armor
13:56 Forging
15:36 Double-Bit Axe
16:17 Man-at-Arms
18:39 Gold Mining
29:55 Horse Collar
32:38 Bloodlines
42:02 Castle Age
42:16 Long Swordsman
43:03 Pikeman
45:14 Arson
Connection lost

Rejoining the realm…

Still unreachable

The connection could not be restored.

Session expired

The server has moved on; the page needs a fresh start.